MLB
ATLANTA BRAVES @ MINNESOTA TWINS
08/06/2019
 
TOP OF THE 1ST
Atlanta Braves batting - Pitching for Minnesota Twins : RHP Matt Harvey
Pitching: RHP Matt Harvey
Batting: LHB Mallex Smith 0-0: Foul Ball, location: 2F
0-1: Ball
1-1: Foul Ball, location: 2F
1-2: Fly out, F8 (Flyball, 78D, EV 92.5 MPH)
Batting: LHB Ben Gamel 0-0: Ball
1-0: Ground out 1-3 (Groundball, 34S, EV 80.0 MPH)
Batting: LHB Kole Calhoun 0-0: Called Strike
0-1: Ball
1-1: Ball
2-1: Fly out, F9 (Flyball, 89S, EV 70.6 MPH)
Top of the 1st over - 0 runs, 0 hits, 0 errors, 0 left on base; Atlanta 0 - Minnesota 0
BOTTOM OF THE 1ST
Minnesota Twins batting - Pitching for Atlanta Braves : LHP Matt Boyd
Pitching: LHP Matt Boyd
Batting: LHB Nolan Fontana 0-0: Called Strike
0-1: Swinging Strike
0-2: Strikes out swinging
Batting: RHB Miguel Rojas 0-0: Foul Ball, location: 2F
0-1: Fly out, F4 (Popup, 34S, EV 77.5 MPH)
Batting: LHB Freddie Freeman 0-0: Called Strike
0-1: Fly out, F4 (Popup, 34S, EV 85.0 MPH)
Bottom of the 1st over - 0 runs, 0 hits, 0 errors, 0 left on base; Atlanta 0 - Minnesota 0
TOP OF THE 2ND
Atlanta Braves batting - Pitching for Minnesota Twins : RHP Matt Harvey
Batting: RHB Ian Desmond 0-0: Foul Ball, location: 2F
0-1: Foul Ball, location: 2F
0-2: Ball
1-2: Fly out, F4 (Popup, 3DF, EV 51.3 MPH)
Batting: RHB Adeiny Hechavarria 0-0: Swinging Strike
0-1: Ball
1-1: Foul Ball, location: 2F
1-2: Ball
2-2: Ball
3-2: Strikes out swinging
Batting: RHB Michael Lorenzen 0-0: Called Strike
0-1: Ball
1-1: Called Strike
1-2: Ball
2-2: Ball
3-2: Strikes out looking
Top of the 2nd over - 0 runs, 0 hits, 0 errors, 0 left on base; Atlanta 0 - Minnesota 0
BOTTOM OF THE 2ND
Minnesota Twins batting - Pitching for Atlanta Braves : LHP Matt Boyd
Batting: RHB Carlos Correa 0-0: Foul Ball, location: 2F
0-1: Ball
1-1: Fly out, F8 (Flyball, 89M, EV 93.8 MPH)
Batting: RHB Chris Iannetta 0-0: Ball
1-0: DOUBLE (Line Drive, 78XD, EV 106.3 MPH)
Batting: LHB Jay Bruce 0-0: Ball
1-0: Ball
2-0: Ball
3-0: Called Strike
3-1: Swinging Strike
3-2: Strikes out swinging
Batting: LHB Derek Dietrich 0-0: Foul Ball, location: 2F
0-1: Ground out 4-3 (Groundball, 34, EV 86.3 MPH)
Bottom of the 2nd over - 0 runs, 1 hit, 0 errors, 1 left on base; Atlanta 0 - Minnesota 0
TOP OF THE 3RD
Atlanta Braves batting - Pitching for Minnesota Twins : RHP Matt Harvey
Batting: RHB Pat Valaika 0-0: Called Strike
0-1: Fly out, F8 (Flyball, 8LM, EV 95.0 MPH)
Batting: RHB Jorge Alfaro 0-0: Called Strike
0-1: Ball
1-1: SINGLE (Groundball, 4MD, EV 96.3 MPH)
Batting: SHB Juniel Querecuto 0-0: Called Strike
0-1: Ball
1-1: Fly out, F7 (Flyball, 7S, EV 85.0 MPH)
Batting: LHB Mallex Smith 0-0: Called Strike
0-1: Called Strike
0-2: Foul Ball, location: 2F
0-2: Strikes out looking
Top of the 3rd over - 0 runs, 1 hit, 0 errors, 1 left on base; Atlanta 0 - Minnesota 0
BOTTOM OF THE 3RD
Minnesota Twins batting - Pitching for Atlanta Braves : LHP Matt Boyd
Batting: RHB Avisail Garcia 0-0: Ball
1-0: Ball
2-0: Foul Ball, location: 2F
2-1: SOLO HOME RUN (Flyball, 78XD, EV 100.6 MPH), Distance : 414 ft
Batting: RHB Adam Jones 0-0: Ball
1-0: Ground out 6-3 (Groundball, 6, EV 87.5 MPH)
Batting: LHB Nolan Fontana 0-0: Ball
1-0: Swinging Strike
1-1: SINGLE (Groundball, 6MD, EV 107.5 MPH)
Batting: RHB Miguel Rojas 0-0: DOUBLE (Line Drive, 89D, EV 106.9 MPH)
Nolan Fontana to third
Nolan Fontana scores
Batting: LHB Freddie Freeman 0-0: Ball
1-0: Ball
2-0: Called Strike
2-1: Ground out 1-3 (Groundball, 13, EV 80.0 MPH)
Miguel Rojas to third
Batting: RHB Carlos Correa 0-0: Ball
1-0: Foul Ball, location: 2F
1-1: Foul Ball, location: 2F
1-2: Foul Ball, location: 2F
1-2: Fly out, F9 (Flyball, 9, EV 81.3 MPH)
Bottom of the 3rd over - 2 runs, 3 hits, 0 errors, 1 left on base; Atlanta 0 - Minnesota 2
TOP OF THE 4TH
Atlanta Braves batting - Pitching for Minnesota Twins : RHP Matt Harvey
Batting: LHB Ben Gamel 0-0: Ball
1-0: Ball
2-0: SINGLE (Line Drive, 9LS, EV 103.1 MPH)
Batting: LHB Kole Calhoun 0-0: Called Strike
0-1: Swinging Strike
0-2: Foul Ball, location: 2F
0-2: Ball
1-2: Strikes out swinging
Batting: RHB Ian Desmond 0-0: Called Strike
0-1: Ball
1-1: Ball
2-1: Fly out, F6 (Popup, 4M, EV 58.8 MPH)
Batting: RHB Adeiny Hechavarria 0-0: Ball
1-0: Foul Ball, location: 2F
1-1: Fly out, F7 (Line Drive, 7, EV 85.6 MPH)
Top of the 4th over - 0 runs, 1 hit, 0 errors, 1 left on base; Atlanta 0 - Minnesota 2
BOTTOM OF THE 4TH
Minnesota Twins batting - Pitching for Atlanta Braves : LHP Matt Boyd
Batting: RHB Chris Iannetta 0-0: Called Strike
0-1: Foul Ball, location: 2F
0-2: Ball
1-2: Ball
2-2: Ball
3-2: Base on Balls
Batting: LHB Jay Bruce 0-0: Ball
1-0: Fly out, F7 (Flyball, 7, EV 88.8 MPH)
Batting: LHB Derek Dietrich 0-0: Called Strike
0-1: Fielders Choice at 2nd, 5-4 (Groundball, 56, EV 89.4 MPH)
Batting: RHB Avisail Garcia 0-0: Called Strike
0-1: Called Strike
0-2: Strikes out swinging
Bottom of the 4th over - 0 runs, 0 hits, 0 errors, 1 left on base; Atlanta 0 - Minnesota 2
TOP OF THE 5TH
Atlanta Braves batting - Pitching for Minnesota Twins : RHP Matt Harvey
Batting: RHB Michael Lorenzen 0-0: Ball
1-0: Foul Ball, location: 2F
1-1: Ball
2-1: SINGLE (Line Drive, 8LS, EV 110.0 MPH)
Batting: RHB Pat Valaika 0-0: Called Strike
0-1: SINGLE (Flyball, 8RS, EV 91.9 MPH)
Michael Lorenzen to second
Batting: RHB Jorge Alfaro 0-0: Called Strike
0-1: Called Strike
0-2: Strikes out swinging
Batting: SHB Juniel Querecuto 0-0: Called Strike
0-1: Fly out, F3 (Popup, 34, EV 63.1 MPH)
Batting: LHB Mallex Smith 0-0: Ball
1-0: Called Strike
1-1: TRIPLE (Line Drive, 89XD, EV 101.3 MPH)
Michael Lorenzen scores
Pat Valaika scores
Batting: LHB Ben Gamel 0-0: SINGLE (Line Drive, 4MD, EV 103.1 MPH)
Mallex Smith scores
Batting: LHB Kole Calhoun 0-0: Foul Ball, location: 2F
0-1: Ball
1-1: Ball
2-1: Ball
3-1: Called Strike
3-2: Foul Ball, location: 2F
3-2: Ground out U3 (Groundball, 3, EV 78.8 MPH)
Top of the 5th over - 3 runs, 4 hits, 0 errors, 1 left on base; Atlanta 3 - Minnesota 2
BOTTOM OF THE 5TH
Minnesota Twins batting - Pitching for Atlanta Braves : LHP Matt Boyd
Batting: RHB Adam Jones 0-0: Called Strike
0-1: Ball
1-1: Swinging Strike
1-2: Strikes out swinging
Batting: LHB Nolan Fontana 0-0: Ball
1-0: Foul Ball, location: 2F
1-1: SINGLE (Line Drive, 56D, EV 101.3 MPH)
Batting: RHB Miguel Rojas 0-0: Foul Ball, location: 2F
0-1: Ball
1-1: Called Strike
1-2: Ground out 4-3 (Groundball, 4S, EV 79.4 MPH)
Nolan Fontana to second
Batting: LHB Freddie Freeman 0-0: SINGLE (Flyball, 9LS, EV 91.3 MPH)
Nolan Fontana to third
Batting: RHB Carlos Correa 0-0: Called Strike
0-1: Ball
1-1: Called Strike
1-2: Ball
2-2: Foul Ball, location: 2F
2-2: Foul Ball, location: 2F
2-2: Foul Ball, location: 2F
2-2: Ground out 4-3 (Groundball, 4, EV 85.0 MPH)
Bottom of the 5th over - 0 runs, 2 hits, 0 errors, 2 left on base; Atlanta 3 - Minnesota 2
TOP OF THE 6TH
Atlanta Braves batting - Pitching for Minnesota Twins : RHP Matt Harvey
Batting: RHB Ian Desmond 0-0: Ground out 6-3 (Groundball, 6, EV 88.8 MPH)
Batting: RHB Adeiny Hechavarria 0-0: Ball
1-0: Ball
2-0: Called Strike
2-1: Foul Ball, location: 2F
2-2: Ground out 6-3 (Groundball, 6, EV 76.9 MPH)
Batting: RHB Michael Lorenzen 0-0: Ball
1-0: Foul Ball, location: 2F
1-1: Swinging Strike
1-2: Ball
2-2: Ground out 6-3 (Groundball, 6S, EV 87.5 MPH)
Top of the 6th over - 0 runs, 0 hits, 0 errors, 0 left on base; Atlanta 3 - Minnesota 2
BOTTOM OF THE 6TH
Minnesota Twins batting - Pitching for Atlanta Braves : LHP Matt Boyd
Batting: RHB Chris Iannetta 0-0: Called Strike
0-1: Ball
1-1: Swinging Strike
1-2: Ground out 5-3 (Groundball, 56, EV 93.1 MPH)
Batting: LHB Jay Bruce 0-0: Ball
1-0: Foul Ball, location: 2F
1-1: Called Strike
1-2: Strikes out swinging
Batting: LHB Derek Dietrich 0-0: Called Strike
0-1: Foul Ball, location: 2F
0-2: Ball
1-2: Ground out 3-1 (Groundball, 34, EV 88.8 MPH)
Bottom of the 6th over - 0 runs, 0 hits, 0 errors, 0 left on base; Atlanta 3 - Minnesota 2
TOP OF THE 7TH
Atlanta Braves batting - Pitching for Minnesota Twins : RHP Matt Harvey
Batting: RHB Pat Valaika 0-0: Called Strike
0-1: Foul Ball, location: 2F
0-2: Ball
1-2: Ball
2-2: Ball
3-2: Foul Ball, location: 2F
3-2: Ground out 6-3 (Groundball, 56, EV 86.3 MPH)
Batting: RHB Jorge Alfaro 0-0: SINGLE (Flyball, 89M, EV 92.5 MPH)
Batting: SHB Juniel Querecuto 0-0: Swinging Strike
0-1: Ball
1-1: Fly out, F8 (Line Drive, 8RD, EV 97.5 MPH)
Batting: LHB Mallex Smith 0-0: Ground out 5-3 (Groundball, 5S, EV 76.3 MPH)
Top of the 7th over - 0 runs, 1 hit, 0 errors, 1 left on base; Atlanta 3 - Minnesota 2
BOTTOM OF THE 7TH
Minnesota Twins batting - Pitching for Atlanta Braves : LHP Matt Boyd
Pitching: LHP Travis Bergen
Batting: RHB Avisail Garcia 0-0: Called Strike
0-1: Foul Ball, location: 2F
0-2: Ball
1-2: Strikes out swinging
Batting: RHB Adam Jones 0-0: Called Strike
0-1: Ball
1-1: Called Strike
1-2: Ball
2-2: Strikes out swinging
Batting: LHB Nolan Fontana 0-0: Called Strike
0-1: Ball
1-1: Called Strike
1-2: Ball
2-2: Foul Ball, location: 2F
2-2: Strikes out swinging
Bottom of the 7th over - 0 runs, 0 hits, 0 errors, 0 left on base; Atlanta 3 - Minnesota 2
TOP OF THE 8TH
Atlanta Braves batting - Pitching for Minnesota Twins : RHP Matt Harvey
Pitching: RHP Nick B. Anderson
Batting: LHB Ben Gamel 0-0: Ball
1-0: Swinging Strike
1-1: Swinging Strike
1-2: Strikes out swinging
Batting: LHB Kole Calhoun 0-0: Called Strike
0-1: Swinging Strike
0-2: Ball
1-2: Foul Ball, location: 2F
1-2: Strikes out swinging
Batting: RHB Ian Desmond 0-0: Ball
1-0: Ground out 1-3 (Groundball, 15, EV 78.1 MPH)
Top of the 8th over - 0 runs, 0 hits, 0 errors, 0 left on base; Atlanta 3 - Minnesota 2
BOTTOM OF THE 8TH
Minnesota Twins batting - Pitching for Atlanta Braves : LHP Travis Bergen
Pitching: RHP Daniel Hudson
Batting: RHB Miguel Rojas 0-0: Ball
1-0: Foul Ball, location: 2F
1-1: Ball
2-1: Swinging Strike
2-2: Ground out 6-3 (Groundball, 6, EV 102.5 MPH)
Batting: LHB Freddie Freeman 0-0: Ball
1-0: Swinging Strike
1-1: Foul Ball, location: 2F
1-2: Ball
2-2: Strikes out swinging
Batting: RHB Carlos Correa 0-0: Ball
1-0: Foul Ball, location: 2F
1-1: Fly out, F4 (Popup, 34S, EV 70.0 MPH)
Bottom of the 8th over - 0 runs, 0 hits, 0 errors, 0 left on base; Atlanta 3 - Minnesota 2
TOP OF THE 9TH
Atlanta Braves batting - Pitching for Minnesota Twins : RHP Nick B. Anderson
Pitching: RHP Joe Kelly
Batting: RHB Adeiny Hechavarria 0-0: Ball
1-0: Ground out 4-3 (Groundball, 4, EV 86.9 MPH)
Batting: RHB Michael Lorenzen 0-0: Called Strike
0-1: Ball
1-1: Swinging Strike
1-2: Ball
2-2: Strikes out swinging
Batting: RHB Pat Valaika 0-0: Called Strike
0-1: Swinging Strike
0-2: Ground out 5-3 (Groundball, 56S, EV 71.9 MPH)
Top of the 9th over - 0 runs, 0 hits, 0 errors, 0 left on base; Atlanta 3 - Minnesota 2
BOTTOM OF THE 9TH
Minnesota Twins batting - Pitching for Atlanta Braves : RHP Daniel Hudson
Pitching: RHP Chad Sobotka
Batting: RHB Chris Iannetta 0-0: Ball
1-0: Called Strike
1-1: Ball
2-1: Foul Ball, location: 2F
2-2: Strikes out swinging
Batting: LHB Jay Bruce 0-0: Called Strike
0-1: Ball
1-1: Foul Ball, location: 2F
1-2: SOLO HOME RUN (Flyball, 9LD, EV 90.0 MPH), Distance : 360 ft
Batting: LHB Derek Dietrich 0-0: Ball
1-0: Swinging Strike
1-1: Foul Ball, location: 2F
1-2: Strikes out looking
Batting: RHB Avisail Garcia 0-0: Ball
1-0: Fly out, F4 (Popup, 4, EV 55.0 MPH)
Bottom of the 9th over - 1 run, 1 hit, 0 errors, 0 left on base; Atlanta 3 - Minnesota 3
TOP OF THE 10TH
Atlanta Braves batting - Pitching for Minnesota Twins : RHP Joe Kelly
Pinch Hitting: SHB Robbie Grossman 0-0: Ball
1-0: Fly out, F8 (Flyball, 8RM, EV 82.5 MPH)
Batting: SHB Juniel Querecuto 0-0: Ball
1-0: Ball
2-0: Ground out U3 (Groundball, 3, EV 98.8 MPH)
Batting: LHB Mallex Smith 0-0: Ball
1-0: Ball
2-0: Foul Ball, location: 2F
2-1: Foul Ball, location: 2F
2-2: Ball
3-2: Base on Balls
Pitching: LHP Colin Poche
Pinch Hitting: RHB Domingo Santana 0-0: Called Strike
Mallex Smith steals 2nd base (no throw)
0-1: Ball
1-1: Intentional Walk
Batting: LHB Kole Calhoun 0-0: Called Strike
0-1: Foul Ball, location: 2F
0-2: Strikes out swinging
Top of the 10th over - 0 runs, 0 hits, 0 errors, 2 left on base; Atlanta 3 - Minnesota 3
BOTTOM OF THE 10TH
Minnesota Twins batting - Pitching for Atlanta Braves : RHP Chad Sobotka
Pitching: RHP Ivan Nova
Now at C: John Ryan Murphy
Now in LF: Robbie Grossman
Batting: RHB Adam Jones 0-0: Ball
1-0: Fly out, F8 (Flyball, 78D, EV 80.6 MPH)
Batting: LHB Nolan Fontana 0-0: Called Strike
0-1: Called Strike
0-2: Strikes out looking
Batting: RHB Miguel Rojas 0-0: Called Strike
0-1: Foul Ball, location: 2F
0-2: SINGLE (Line Drive, 78S, EV 112.5 MPH)
Batting: LHB Freddie Freeman 0-0: Ball
1-0: Swinging Strike
1-1: Foul Ball, location: 2F
1-2: Ball
2-2: Ball
3-2: DOUBLE (Line Drive, 3D, EV 96.3 MPH)
Miguel Rojas to third
Miguel Rojas scores
Sunday, November 10th, 2019 - OOTP Baseball 20.6 Build 55